 Dungeon Crawl Stone Soup version 0.30-a0-702-gdf48620a09 (webtiles) character file.

Game seed: 15269325537041882823

53 domi the Sneak (level 3, 0/16 HPs)
             Began as a Vine Stalker Enchanter on Jan 21, 2023.
             Succumbed to Crazy Yiuf's poison
             ... on level 2 of the Dungeon.
             The game lasted 00:02:04 (1689 turns).

domi the Sneak (Vine Stalker Enchanter)             Turns: 1689, Time: 00:02:05

Health: 0/16       AC:  3    Str: 10    XL:     3   Next: 89%
Magic:  1/7        EV: 12    Int: 17    God:
Gold:   135        SH:  0    Dex: 14    Spells: 6/6 levels left

rFire   . . .      SeeInvis .    a - +1 dagger
rCold   . . .      Faith    .    (no shield)
rNeg    . . .      Spirit   +    b - +0 robe
rPois   .          Reflect  .    (no helmet)
rElec   .          Harm     .    m - +0 cloak
rCorr   .          Rampage  .    (no gloves)
Will    .....                    (no boots)
Stlth   +++                      (no amulet)
HPRegen 0.22/turn                (no ring)
MPRegen 0.10/turn                (no ring)

@: lethally poisoned (0 -> -14)
A: fangs 2, magic shield, antimagic bite, no potion heal 2
a: no special abilities


You were on level 2 of the Dungeon.
You visited 1 branch of the dungeon, and saw 2 of its levels.

You collected 135 gold pieces.

Inventory:

Hand Weapons
 a - a +1 dagger (weapon)
Armour
 b - a +0 robe (worn)
 m - a +0 cloak (worn)
   (You found it on level 2 of the Dungeon)
 q - a +0 buckler
   (You found it on level 2 of the Dungeon)
Scrolls
 d - a scroll of immolation {unknown}
 e - 6 scrolls of teleportation {unknown}
 h - 2 scrolls of magic mapping {unknown}
 i - a scroll of noise {unknown}
 j - a scroll of identify {unknown}
 k - a scroll of silence {unknown}
 l - a scroll of amnesia {unknown}
 p - a scroll of torment {unknown}
Potions
 c - 2 potions of invisibility
 f - a potion of haste {unknown}
 g - 2 potions of lignification {unknown}
 n - a potion of heal wounds {unknown}
 o - 2 potions of cancellation {unknown}


   Skills:
 - Level 0.8 Short Blades
 - Level 1.5 Dodging
 + Level 4.9 Stealth
 - Level 2.1 Spellcasting
 + Level 3.9 Hexes


You had 6 spell levels left.
You didn't know any spells.
Your spell library contained the following spells:

 Spells                   Type           Power      Damage    Failure   Level
 Confusing Touch          Hex            15%        N/A       11%         3
 Tukima's Dance           Hex            15%        N/A       11%         3
 Ensorcelled Hibernation  Hex/Ice        16%        N/A       13%         2
 Dazzling Flash           Conj/Hex       16%        N/A       26%         3
 Call Imp                 Summ           1%         N/A       28%         2
 Summon Lightning Spire   Summ/Air       1%         N/A       88%         4
 Summon Forest            Summ/Tloc      0%         N/A       99%         5
 Fire Storm               Conj/Fire      0%         6d1       100%        9


Dungeon Overview and Level Annotations

Branches:
Dungeon (2/15)

Altars:
The Shining One

Annotations:
D:2 Crazy Yiuf, Natasha


Innate Abilities, Weirdness & Mutations

You have extremely sharp teeth.
When hurt, damage is shared between your health and your magic reserves.
Your bite disrupts and absorbs the magic of your enemies.
Potions cannot restore your health.


Message History

A hobgoblin is nearby!
A hobgoblin is nearby!
A hobgoblin is nearby!
The hobgoblin shouts!
The hobgoblin closely misses you.
You hit the hobgoblin but do no damage. You bite the hobgoblin.
You drain its power. The hobgoblin hits you.
You take 1 damage, and have 15/16 hp.
You now have 6/7 mp.
You hit the hobgoblin. The hobgoblin closely misses you.
You barely miss the hobgoblin. The hobgoblin barely misses you.
You hit the hobgoblin. The hobgoblin hits you.
You take 1 damage, and have 14/16 hp.
You hit the hobgoblin.
You kill the hobgoblin!
No target in view!
Found a stone staircase leading down.
Health restored: 16; MP restored: 7
There is a stone staircase leading down here.
You now have 116 gold pieces (gained 12).
There is a stone staircase leading down here.
Found an escape hatch in the ceiling.
You now have 120 gold pieces (gained 4).
You now have 135 gold pieces (gained 15).
p - a scroll labelled QENIS CIRITUEQE No target in view!
No target in view!
No target in view!
A kobold comes into view. It is wielding a +0 short sword.
A kobold is nearby!
A kobold is nearby!
A kobold is nearby!
Natasha, Servant of Life and Death comes into view.
No target in view!
No target in view!
A dart slug comes into view.
A dart slug is nearby!
A dart slug is nearby!
You hit the dart slug. You bite the dart slug. You drain its power.
The dart slug closely misses you.
You barely miss the dart slug.
You bite the dart slug, but do no damage.
The dart slug bites you but does no damage.
You hit the dart slug. You hit the dart slug.
You kill the dart slug!
No target in view!
You see here a +0 buckler.
q - a +0 buckler A bat comes into view.
A bat is nearby!
A bat is nearby!
The helpless bat fails to defend itself.
You impale the bat!!
You kill the bat!
No target in view!
You see here a bat corpse.
You see here a bat corpse.
h - 2 scrolls labelled CAT FACIHIOGI (gained 1)
A hobgoblin comes into view.
A hobgoblin is nearby!
A hobgoblin is nearby!
The helpless hobgoblin fails to defend itself.
You puncture the hobgoblin!
You kill the hobgoblin!
No target in view!
No target in view!
No target in view!
You see here a hobgoblin corpse.
You're in a travel-excluded area, stopping explore.
You're in a travel-excluded area, stopping explore.
No reachable target in view!
No reachable target in view!
No reachable target in view!
Unknown command.
You open the door.
There is an open translucent door here.
Crazy Yiuf hits you with a +2 quarterstaff of chaos!
You take 4 damage, and have 12/16 hp.
MASSIVE DAMAGE!!
You now have 4/7 mp.
You hit Crazy Yiuf but do no damage.
Crazy Yiuf screams, "Race water Xom!"
Crazy Yiuf misses you.
Unknown command.
You barely miss Crazy Yiuf.
Crazy Yiuf hits you with a +2 quarterstaff of chaos.
Crazy Yiuf burns you.
You take 2 damage, and have 10/16 hp.
You now have 3/7 mp.
You hit Crazy Yiuf. Your bite misses Crazy Yiuf.
Crazy Yiuf cries, "You leg down broken song, no?"
Crazy Yiuf hits you with a +2 quarterstaff of chaos.
You are lethally poisoned!
You take 4 damage, and have 6/16 hp.
MASSIVE DAMAGE!!
You now have 2/7 mp.
Crazy Yiuf attacks as you move away!
Crazy Yiuf hits you with a +2 quarterstaff of chaos.
* * * LOW HITPOINT WARNING * * *
You resist with some effort.
You die...

####### ......#
###.####♣♣ #####
#.#.#..♣♣ ♣♣#..)#
#.......♣♣♣♣.'@.g#
#####
###......♣..♣#...#
#...# ######
###...♣.♣♣♣#####
###.###.....
##♣♣♣♣♣
#.......#### ####
#.#.######## #..#
##..........# #†##
#.#########.#
####.#### #.# #.#
........### #.#
#.# #.#


You could see Crazy Yiuf.

Vanquished Creatures
  2 adders (D:2)
  A dart slug (D:2)
  3 bats
  2 endoplasms
  5 giant cockroaches (D:1)
  3 goblins
  2 hobgoblins (D:2)
  2 quokkas (D:1)
  5 ball pythons
  3 frilled lizards
  4 kobolds
32 creatures vanquished.

Notes
Turn   | Place    | Note
-------+----------+-------------------------------------------
     0 | D:1      | domi the Vine Stalker Enchanter began the quest for the
                  | Orb.
     0 | D:1      | Reached XP level 1. HP: 9/9 MP: 4/4
   188 | D:1      | Reached skill level 4 in Stealth
   188 | D:1      | Reached XP level 2. HP: 12/13 MP: 4/6
   412 | D:1      | Found a faded altar of an unknown god.
   719 | D:1      | Got the Teachings on Lava and Calling
  1291 | D:2      | Found a glowing golden altar of the Shining One.
  1304 | D:2      | Reached XP level 3. HP: 13/16 MP: 5/7
  1563 | D:2      | Noticed Natasha
  1678 | D:2      | Found a runed translucent door.
  1679 | D:2      | Noticed Crazy Yiuf
  1689 | D:2      | HP: 4/16 [Crazy Yiuf/+2 quarterstaff of chaos (2)]
  1689 | D:2      | Succumbed to Crazy Yiuf's poison

Illustrated notes

Levels and vault maps discovered:
D:1:      psy_arrival_basics, layout_loops_corners,
          hellmonk_ecumenical_altar_lost_god, minmay_misc_feat_roman
D:2:      layout_loops_ring, basic_altar, minmay_large_rounded_square,
          minmay_fountain_box, uniq_natasha, uniq_crazy_yiuf_cottage,
          uniq_jessica

Skill      XL: |  1 |
---------------+----+-----
Stealth        | 4 |  4.9
Short Blades   | |  0.8
Dodging        | |  1.5
Spellcasting   | |  2.1
Hexes          | |  3.9

Action                   || total
-------------------------++-------
Melee: Dagger            ||   102
       Bite              ||    13
       Punch             ||     1
 Stab: Sleeping          ||    10
Armor: Robe              ||    13
Dodge: Dodged            ||    64

Table legend: (Time is in decaauts)
 A = Elapsed time spent in this place.
 B = Non-inter-level travel time spent in this place.
 C = Inter-level travel time spent in this place.
 D = Time resting spent in this place.
 E = Time spent auto-exploring this place.
 F = Levels seen in this place.
 G = Mean time per level.
                   A        B        C        D        E       F      G
               +--------+--------+--------+--------+--------+-----+--------+
         Total |   1685 |   1642 |     43 |      0 |   1376 |   2 |  842.5 |
       Dungeon |   1685 |   1642 |     43 |      0 |   1376 |   2 |  842.5 |
               +--------+--------+--------+--------+--------+-----+--------+

Top non-repeatable levels by time:
     D:1: 1090 daAuts
     D:2: 595 daAuts

Table legend:
 A = Kills in this place as a percentage of kills in entire the game.
 B = Kills by you in this place as a percentage of kills by you in the entire game.
 C = Kills by friends in this place as a percentage of kills by friends in the entire game.
 D = Other kills in this place as a percentage of other kills in the entire game.
 E = Experience gained in this place as a percentage of experience gained in the entire game.
 F = Experience gained in this place divided by the number of levels of this place that you have seen.
                   A       B       C       D       E      F
               +-------+-------+-------+-------+-------+----------------------
         Total | 100.0 | 100.0 |   N/A |   N/A | 100.0 |  38.5
       Dungeon | 100.0 | 100.0 |   N/A |   N/A | 100.0 |  38.5
               +-------+-------+-------+-------+-------+----------------------
